NYP
STATEN ISLAND YANKEES @ VANCOUVER CANADIANS
05/14/2048
 
TOP OF THE 1ST
Staten Island Yankees batting - Pitching for Vancouver Canadians : RHP Jonathon Crunk
Pitching: RHP Jonathon Crunk
Batting: RHB Norimoto Miyanishi 0-0: Foul Ball, location: 2F
0-1: Ball
1-1: Swinging Strike
1-2: Strikes out swinging
Batting: LHB Dario Segura 0-0: Called Strike
0-1: Foul Ball, location: 2F
0-2: Ball
1-2: Ball
2-2: Foul Ball, location: 2F
2-2: Ball
3-2: Foul Ball, location: 2F
3-2: Strikes out swinging
Batting: RHB Pat Pemberton 0-0: Foul Ball, location: 2F
0-1: Ball
1-1: Foul Ball, location: 2F
1-2: Strikes out looking
Top of the 1st over - 0 runs, 0 hits, 0 errors, 0 left on base; Staten Island 0 - Vancouver 0
BOTTOM OF THE 1ST
Vancouver Canadians batting - Pitching for Staten Island Yankees : RHP Ben Cunningham
Pitching: RHP Ben Cunningham
Batting: RHB Kennet Strijbis 0-0: Called Strike
0-1: Ball
1-1: Ball
2-1: Ground out 6-3 (Groundball, 6, EV 105.6 MPH)
Batting: RHB Carlos Renteria 0-0: Ball
1-0: Ball
2-0: Swinging Strike
2-1: Called Strike
2-2: Fly out, F5 (Line Drive, 5, EV 71.9 MPH)
Batting: RHB Nikita Schram 0-0: Foul Ball, location: 2F
0-1: Fly out, F8 (Flyball, 8RM, EV 86.2 MPH)
Bottom of the 1st over - 0 runs, 0 hits, 0 errors, 0 left on base; Staten Island 0 - Vancouver 0
TOP OF THE 2ND
Staten Island Yankees batting - Pitching for Vancouver Canadians : RHP Jonathon Crunk
Batting: SHB Tadaaki Kondo 0-0: Swinging Strike
0-1: Swinging Strike
0-2: Ball
1-2: Ground out 4-3 (Groundball, 4, EV 89.4 MPH)
Batting: LHB Mike Schermerhorn 0-0: Foul Ball, location: 2F
0-1: Called Strike
0-2: Ball
1-2: Strikes out swinging
Batting: SHB Adam Slade 0-0: Called Strike
0-1: Called Strike
0-2: Strikes out swinging
Top of the 2nd over - 0 runs, 0 hits, 0 errors, 0 left on base; Staten Island 0 - Vancouver 0
BOTTOM OF THE 2ND
Vancouver Canadians batting - Pitching for Staten Island Yankees : RHP Ben Cunningham
Batting: RHB George King 0-0: Ground out 6-3 (Groundball, 6, EV 109.4 MPH)
Batting: RHB Elliot Manfredini 0-0: Swinging Strike
0-1: Ball
1-1: Called Strike
1-2: Ball
2-2: Foul Ball, location: 2F
2-2: Strikes out swinging
Batting: SHB Scott Robbins 0-0: Ball
1-0: Called Strike
1-1: Ball
2-1: Foul Ball, location: 2F
2-2: Ball
3-2: Ground out 4-3 (Groundball, 4, EV 88.8 MPH)
Bottom of the 2nd over - 0 runs, 0 hits, 0 errors, 0 left on base; Staten Island 0 - Vancouver 0
TOP OF THE 3RD
Staten Island Yankees batting - Pitching for Vancouver Canadians : RHP Jonathon Crunk
Batting: RHB Jesus Ruiz 0-0: Ball
1-0: Ball
2-0: Called Strike
2-1: Called Strike
2-2: Strikes out swinging
Batting: RHB Daniel Underhay 0-0: Called Strike
0-1: Ball
1-1: Foul Ball, location: 2F
1-2: Ground out 4-3 (Groundball, 4S, EV 68.8 MPH)
Batting: LHB Danny de Leon 0-0: Ball
1-0: Called Strike
1-1: Foul Ball, location: 2F
1-2: Strikes out looking
Top of the 3rd over - 0 runs, 0 hits, 0 errors, 0 left on base; Staten Island 0 - Vancouver 0
BOTTOM OF THE 3RD
Vancouver Canadians batting - Pitching for Staten Island Yankees : RHP Ben Cunningham
Batting: LHB Tso-lin Fen 0-0: Ball
1-0: Ball
2-0: Called Strike
2-1: Ground out U3 (Groundball, 3, EV 88.1 MPH)
Batting: RHB Dan Hilyer 0-0: Fly out, F8 (Flyball, 8LXD, EV 94.4 MPH)
Batting: RHB Luis Vargas 0-0: Ball
1-0: Ground out 6-3 (Groundball, 6, EV 80.0 MPH)
Bottom of the 3rd over - 0 runs, 0 hits, 0 errors, 0 left on base; Staten Island 0 - Vancouver 0
TOP OF THE 4TH
Staten Island Yankees batting - Pitching for Vancouver Canadians : RHP Jonathon Crunk
Batting: RHB Norimoto Miyanishi 0-0: Called Strike
0-1: Ball
1-1: SINGLE (Groundball, P, EV 84.4 MPH) (infield hit)
Batting: LHB Dario Segura 0-0: Foul Ball, location: 2F
0-1: Ball
Wild Pitch!
Norimoto Miyanishi to second
1-1: Swinging Strike
1-2: Strikes out looking
Batting: RHB Pat Pemberton 0-0: Foul Ball, location: 2F
0-1: Fly out, F8 (Flyball, 89M, EV 91.2 MPH)
Batting: SHB Tadaaki Kondo 0-0: Called Strike
0-1: Ball
1-1: Foul Ball, location: 2F
1-2: Foul Ball, location: 2F
1-2: Ball
Wild Pitch!
Norimoto Miyanishi to third
2-2: Ball
3-2: SINGLE (Line Drive, 7LS, EV 109.4 MPH)
Norimoto Miyanishi scores
Batting: LHB Mike Schermerhorn 0-0: Called Strike
0-1: Swinging Strike
0-2: Strikes out looking
Top of the 4th over - 1 run, 2 hits, 0 errors, 1 left on base; Staten Island 1 - Vancouver 0
BOTTOM OF THE 4TH
Vancouver Canadians batting - Pitching for Staten Island Yankees : RHP Ben Cunningham
Batting: RHB Kennet Strijbis 0-0: Ball
1-0: Ball
2-0: Ball
3-0: Base on Balls
Batting: RHB Carlos Renteria 0-0: Ball
Kennet Strijbis steals 2nd base
1-0: Ground out 6-3 (Groundball, 6, EV 82.5 MPH)
Kennet Strijbis to third
Batting: RHB Nikita Schram 0-0: Swinging Strike
0-1: Foul Ball, location: 2F
0-2: Fly out, F3 (Popup, 3L, EV 81.2 MPH)
Batting: RHB George King 0-0: Ball
1-0: Called Strike
1-1: Swinging Strike
1-2: Hit by Pitch
Batting: RHB Elliot Manfredini 0-0: SINGLE (Groundball, 4MS, EV 71.9 MPH) (infield hit)
Kennet Strijbis scores
George King to second
Batting: SHB Scott Robbins 0-0: Ground out 4-3 (Groundball, 34, EV 111.2 MPH)
Bottom of the 4th over - 1 run, 1 hit, 0 errors, 2 left on base; Staten Island 1 - Vancouver 1
TOP OF THE 5TH
Staten Island Yankees batting - Pitching for Vancouver Canadians : RHP Jonathon Crunk
Batting: SHB Adam Slade 0-0: Ball
1-0: Called Strike
1-1: Hit by Pitch
Batting: RHB Jesus Ruiz 0-0: Ball
1-0: Called Strike
1-1: Fly out, F8 (Line Drive, 78M, EV 98.8 MPH)
Batting: RHB Daniel Underhay 0-0: Ball
1-0: Ball
2-0: Foul Ball, location: 2F
2-1: Foul Ball, location: 2F
2-2: Fly out, F7 (Flyball, 78M, EV 97.5 MPH)
Batting: LHB Danny de Leon 0-0: Foul Ball, location: 2F
0-1: Called Strike
0-2: Foul Ball, location: 2F
0-2: Foul Ball, location: 2F
0-2: Strikes out looking
Top of the 5th over - 0 runs, 0 hits, 0 errors, 1 left on base; Staten Island 1 - Vancouver 1
BOTTOM OF THE 5TH
Vancouver Canadians batting - Pitching for Staten Island Yankees : RHP Ben Cunningham
Batting: LHB Tso-lin Fen 0-0: Ball
1-0: Foul Ball, location: 2F
1-1: Foul Ball, location: 2F
1-2: Foul Ball, location: 2F
1-2: Foul Ball, location: 2F
1-2: Fly out, F8 (Flyball, 8RXD, EV 105.6 MPH)
Batting: RHB Dan Hilyer 0-0: Ball
1-0: Ball
2-0: Called Strike
2-1: Ground out 5-3 (Groundball, 56, EV 106.2 MPH)
Batting: RHB Luis Vargas 0-0: SINGLE (Flyball, 34D, EV 96.9 MPH)
Batting: RHB Kennet Strijbis 0-0: Ball
Wild Pitch!
Luis Vargas to second
1-0: Foul Ball, location: 2F
1-1: Ground out 4-3 (Groundball, 4, EV 80.6 MPH)
Bottom of the 5th over - 0 runs, 1 hit, 0 errors, 1 left on base; Staten Island 1 - Vancouver 1
TOP OF THE 6TH
Staten Island Yankees batting - Pitching for Vancouver Canadians : RHP Jonathon Crunk
Batting: RHB Norimoto Miyanishi 0-0: Called Strike
0-1: Ball
1-1: Foul Ball, location: 2F
1-2: Foul Ball, location: 2F
1-2: Ground out 4-3 (Groundball, 4, EV 109.4 MPH)
Batting: LHB Dario Segura 0-0: Ball
1-0: Ball
2-0: Ball
3-0: Base on Balls
Batting: RHB Pat Pemberton 0-0: Called Strike
0-1: Foul Ball, location: 2F
0-2: Fielders Choice at 2nd, 3-6 (Groundball, 3, EV 79.4 MPH)
Batting: SHB Tadaaki Kondo 0-0: Ball
1-0: Called Strike
1-1: Foul Ball, location: 2F
1-2: Hit by Pitch
Pat Pemberton to second
Batting: LHB Mike Schermerhorn 0-0: Called Strike
0-1: Ball
1-1: Swinging Strike
1-2: Strikes out swinging
Top of the 6th over - 0 runs, 0 hits, 0 errors, 2 left on base; Staten Island 1 - Vancouver 1
BOTTOM OF THE 6TH
Vancouver Canadians batting - Pitching for Staten Island Yankees : RHP Ben Cunningham
Batting: RHB Carlos Renteria 0-0: Ball
1-0: Ball
2-0: Ball
3-0: Base on Balls
Batting: RHB Nikita Schram 0-0: Ball
1-0: Called Strike
1-1: Ball
2-1: Swinging Strike
2-2: Strikes out swinging
Batting: RHB George King 0-0: Ball
1-0: Called Strike
1-1: Foul Ball, location: 2F
1-2: Ground out 6-3 (Groundball, 6, EV 86.2 MPH)
Carlos Renteria to second
Batting: RHB Elliot Manfredini 0-0: Ball
Wild Pitch!
Carlos Renteria to third
1-0: Ball
2-0: Called Strike
2-1: Fly out, F9 (Line Drive, 9, EV 103.1 MPH)
Bottom of the 6th over - 0 runs, 0 hits, 0 errors, 1 left on base; Staten Island 1 - Vancouver 1
TOP OF THE 7TH
Staten Island Yankees batting - Pitching for Vancouver Canadians : RHP Jonathon Crunk
Pitching: RHP Dave August
Batting: SHB Adam Slade 0-0: Ball
1-0: Called Strike
1-1: Called Strike
1-2: Strikes out swinging
Batting: RHB Jesus Ruiz 0-0: Ball
1-0: Called Strike
1-1: Ground out 6-3 (Groundball, 6, EV 83.8 MPH)
Batting: RHB Daniel Underhay 0-0: Called Strike
0-1: Called Strike
0-2: Ball
1-2: Foul Ball, location: 2F
1-2: Ball
2-2: Strikes out swinging
Top of the 7th over - 0 runs, 0 hits, 0 errors, 0 left on base; Staten Island 1 - Vancouver 1
BOTTOM OF THE 7TH
Vancouver Canadians batting - Pitching for Staten Island Yankees : RHP Ben Cunningham
Batting: SHB Scott Robbins 0-0: SINGLE (Groundball, 4D, EV 106.2 MPH)
Batting: LHB Tso-lin Fen 0-0: Bunted foul
0-1: Bunt missed!
0-2: Foul Ball, location: 2F
0-2: Ball
1-2: Ball
2-2: Ball
3-2: Base on Balls
Scott Robbins to second
Pinch Runner at 2nd Roald Jacobs:
Batting: RHB Dan Hilyer 0-0: Ball
1-0: Ball
2-0: Called Strike
2-1: Bunt missed!
2-2: Fielders Choice at 2nd, 4-6 (Groundball, 4, EV 103.1 MPH)
Roald Jacobs to third
Batting: RHB Luis Vargas 0-0: Ball
1-0: SINGLE (Groundball, 56, EV 95.6 MPH)
Roald Jacobs scores
Dan Hilyer to second
Throwing error, E7
Dan Hilyer scores
Luis Vargas to second
Batting: RHB Kennet Strijbis 0-0: Ball
1-0: Ground out 3-1 (Groundball, 13, EV 81.2 MPH)
Luis Vargas to third
Pitching: RHP Nick Peters
Batting: RHB Carlos Renteria 0-0: Called Strike
0-1: Ground out 6-3 (Groundball, 6, EV 100.6 MPH)
Bottom of the 7th over - 2 runs, 2 hits, 1 error, 1 left on base; Staten Island 1 - Vancouver 3
TOP OF THE 8TH
Staten Island Yankees batting - Pitching for Vancouver Canadians : RHP Dave August
Now in RF: Roald Jacobs
Batting: LHB Danny de Leon 0-0: Ball
1-0: Ball
2-0: SINGLE (Groundball, 4D, EV 96.9 MPH)
Batting: RHB Norimoto Miyanishi 0-0: Swinging Strike
0-1: Foul Ball, location: 2F
0-2: Fielders Choice at 2nd, 6-4 (Groundball, 6D, EV 102.5 MPH)
Batting: LHB Dario Segura 0-0: Foul Ball, location: 2F
0-1: Ball
1-1: Ball
2-1: Foul Ball, location: 2F
2-2: Grounds into double play, 4-6-3 (Groundball, 4, EV 91.2 MPH)
Top of the 8th over - 0 runs, 1 hit, 0 errors, 0 left on base; Staten Island 1 - Vancouver 3
BOTTOM OF THE 8TH
Vancouver Canadians batting - Pitching for Staten Island Yankees : RHP Nick Peters
Batting: RHB Nikita Schram 0-0: Called Strike
0-1: Ball
1-1: Foul Ball, location: 2F
1-2: Hit by Pitch
Batting: RHB George King 0-0: Ball
1-0: Ball
2-0: Ball
3-0: SINGLE (Groundball, 6MD, EV 105.0 MPH)
Nikita Schram to second
Runner from 2nd tries for 3rd, SAFE, throw by CF made to third
Batting: RHB Elliot Manfredini 0-0: Ball
1-0: Called Strike
1-1: Ball
2-1: Swinging Strike
2-2: Strikes out looking
Batting: LHB Roald Jacobs 0-0: Called Strike
George King is caught stealing 2nd base 2-6
0-1: Ball
1-1: Ball
2-1: Foul Ball, location: 2F
2-2: Foul Ball, location: 2F
2-2: Strikes out swinging
Bottom of the 8th over - 0 runs, 1 hit, 0 errors, 1 left on base; Staten Island 1 - Vancouver 3
TOP OF THE 9TH
Staten Island Yankees batting - Pitching for Vancouver Canadians : RHP Dave August
Pitching: RHP Danny Cervantes
Now in LF: Dan Hilyer
Now in CF: Ricky Carbajal
Batting: RHB Pat Pemberton 0-0: Ball
1-0: Ball
2-0: Ball
3-0: Called Strike
3-1: Foul Ball, location: 2F
3-2: Base on Balls
Batting: SHB Tadaaki Kondo 0-0: Fielders Choice at 2nd, 6-4 (Groundball, 6M, EV 91.9 MPH)
Batting: LHB Mike Schermerhorn 0-0: Ball
1-0: Called Strike
1-1: Ball
2-1: Foul Ball, location: 2F
2-2: Foul Ball, location: 2F
2-2: Strikes out swinging
Batting: SHB Adam Slade 0-0: Called Strike
0-1: Ball
1-1: Ball
2-1: Ball
3-1: Called Strike
3-2: Strikes out swinging, 2-3 out at first.
Top of the 9th over - 0 runs, 0 hits, 0 errors, 1 left on base; Staten Island 1 - Vancouver 3
Tuesday, March 28th , 2023 - OOTP Baseball 23.10 Build 110